 Dungeon Crawl Stone Soup version 0.30-a0-737-gf23d94013f (webtiles) character file.

Game seed: 17461842641820689787

1437 ragingrage the Jinx (level 8, -8/37 HPs)
             Began as a Spriggan Hexslinger on Feb 1, 2023.
             Was an Initiate of Hepliaklqana.
             Killed by an exploding black bear (45 damage)
             ... ignited by their inner flame
             ... on level 6 of the Dungeon.
             The game lasted 00:09:05 (6207 turns).

ragingrage the Jinx (Spriggan Hexslinger)           Turns: 6207, Time: 00:09:06

Health: -8/37      AC:  5    Str:  6      XL:     8   Next: 45%
Magic:  6/11       EV: 17    Int: 14 (15) God:    Hepliaklqana [......]
Gold:   409        SH:  0    Dex: 17      Spells: 1/9 levels left

rFire   . . .      SeeInvis +    b - +2 dagger (venom)
rCold   . . .      Faith    .    (no shield)
rNeg    + . .      Spirit   .    s - +2 robe {rN+}
rPois   .          Reflect  .    (helmet restricted)
rElec   .          Harm     .    n - +0 cloak
rCorr   .          Rampage  .    (gloves unavailable)
Will    +....                    (boots unavailable)
Stlth   ++++                     (no amulet)
HPRegen 0.26/turn                (no ring)
MPRegen 0.12/turn                (no ring)

@: very quick
A: very small, no large weapons, unfitting armour, see invisible, speed 3,
hooves 1, camouflage 1
a: Renounce Religion


You were on level 6 of the Dungeon.
You worshipped Hepliaklqana.
Hepliaklqana was noncommittal.
You visited 2 branches of the dungeon, and saw 7 of its levels.

You collected 409 gold pieces.

Inventory:

Hand Weapons
 a - a +1 sling
 b - a +2 dagger of venom (weapon)
 d - a +0 shortbow
Missiles
 h - 7 poisoned darts
Armour
 n - a +0 cloak (worn)
 s - a +2 robe of positive energy (worn)
Wands
 l - a wand of flame (8)
 p - a wand of digging (1)
Scrolls
 c - a scroll of teleportation
 e - 3 scrolls of amnesia
 f - 3 scrolls of identify
 i - 5 scrolls of enchant weapon
 j - 3 scrolls of poison
 m - a scroll of fear {unknown}
 q - a scroll of noise {unknown}
 t - a scroll of vulnerability
Potions
 g - 2 potions of invisibility
 k - 2 potions of curing
 o - a potion of haste {unknown}


   Skills:
 - Level 0.7 Fighting
 + Level 7.2 Ranged Weapons
 - Level 2.6 Dodging
 - Level 5.0 Stealth
 - Level 1.3 Spellcasting
 + Level 8.7 Hexes
 + Level 1.9 Fire Magic


You had one spell level left.
You knew the following spells:

 Your Spells              Type           Power      Damage    Failure   Level
a - Slow                  Hex            100%       N/A       1%          1
b - Inner Flame           Hex/Fire       15%        N/A       9%          3
c - Cause Fear            Hex            12%        N/A       7%          4

Your spell library contained the following spells:

 Spells                   Type           Power      Damage    Failure   Level
 Apportation              Tloc           0%         N/A       26%         1
 Necrotise                Necr           0%         1d4       26%         1
 Summon Small Mammal      Summ           0%         N/A       26%         1
 Portal Projectile        Hex/Tloc       26%        N/A       13%         3
 Ignite Poison            Fire/Tmut/Pois 2%         N/A       52%         3
 Sticky Flame             Conj/Fire      3%         2d3       86%         4
 Ignition                 Fire           3%         3d4       100%        8


Dungeon Overview and Level Annotations

Branches:
Dungeon (6/15)             Temple (1/1) D:5

Altars:
Ashenzari
Cheibriados
Dithmenos
Elyvilon
Fedhas
Gozag
Hepliaklqana
Kikubaaqudgha
Nemelex Xobeh
Okawaru
Qazlal
Ru
Sif Muna
Trog
Uskayaw
Vehumet
Wu Jian
Xom
Yredelemnul
Zin
The Shining One

Shops:
D:5 :


Innate Abilities, Weirdness & Mutations

You are very small and have problems with some larger weapons.
You are too small for most types of armour.
You have supernaturally acute eyesight. (SInv)
You cover ground extremely quickly. (Speed+++)
You have large cloven feet.
Your skin changes colour to match your surroundings (Stealth+).


Message History

Press: ? - help, Q - select action, (/) - cycle Shift-Dir - straight line, f/p - black bear
Aim: a black bear (lightly wounded, inner flame, slow, 69% to hit)
You shoot a sling bullet.
The sling bullet barely misses the black bear.
Fire: a) +1 sling
Press: ? - help, Q - select action, (/) - cycle Shift-Dir - straight line, f/p - black bear
Aim: a black bear (lightly wounded, inner flame, slow, 69% to hit)
You shoot a sling bullet.
The sling bullet closely misses the black bear.
Fire: a) +1 sling
Press: ? - help, Q - select action, (/) - cycle Shift-Dir - straight line, f/p - black bear
Aim: a black bear (lightly wounded, inner flame, slow, 69% to hit)
You shoot a sling bullet.
The sling bullet closely misses the black bear.
Fire: a) +1 sling
Press: ? - help, Q - select action, (/) - cycle Shift-Dir - straight line, f/p - black bear
Aim: a black bear (lightly wounded, inner flame, slow, 69% to hit)
You shoot a sling bullet. The sling bullet hits the black bear.
Flame seeps out of the black bear.
The black bear is moderately wounded.
The black bear is engulfed in blazing flames.
Flame seeps out of the black bear.
The black bear shakes off its lethargy.
The black bear goes berserk!
The black bear rages.
Fire: a) +1 sling
Press: ? - help, Q - select action, (/) - cycle Shift-Dir - straight line, f/p - black bear
Aim: a black bear (almost dead, berserk, inner flame, 69% to hit)
You shoot a sling bullet.
The sling bullet barely misses the black bear.
An ice beast comes into view.
Your +2 dagger of venom begins to drip with poison!
b - a +2 dagger of venom (weapon)
The black bear rages.
You hit the black bear.
Flame seeps out of the black bear.
The black bear is poisoned.
Your kick misses the black bear.
The black bear is almost dead.
The black bear explodes!
The fiery explosion engulfs you!!!
Ouch! That really hurt!
You die...

.# #.# ..
######.# #.#
#......# .#
#(####.# ## #.#
....####.#
....)....####
##..........#
#..###..##@# #.
.....##○#
..###..##§#
#..##Y#####.#
>###.Y.........#
.....###.#######
##...##.# #...##
#....#


You could see an ice beast.

Vanquished Creatures
  2 ice beasts (D:6)
  Duvessa (D:4)
  An orc warrior (D:6)
  A sky beast (D:4)
  2 black bears
  A centaur (D:5)
  2 phantoms
  A gnoll sergeant (D:5)
  A scorpion (D:5)
  Dowan (D:4)
  An orc priest (D:5)
  2 hounds
  Crazy Yiuf (D:2)
  Natasha (thrice) (D:3)
  An iguana (D:4)
  An orc wizard (D:5)
  Robin (D:2)
  7 gnolls
  3 adders
  A worm (D:2)
  4 dart slugs
  16 orcs
  7 endoplasms
  2 giant cockroaches (D:1)
  18 goblins
  18 hobgoblins
  3 quokkas
  7 ball pythons
  5 bats
  5 frilled lizards
  3 kobolds
  6 rats
128 creatures vanquished.

Vanquished Creatures (others)
  A fungus (D:2)
  4 toadstools (D:2)
5 creatures vanquished.

Grand Total: 133 creatures vanquished

Notes
Turn   | Place    | Note
-------+----------+-------------------------------------------
     0 | D:1      | ragingrage the Spriggan Hexslinger began the quest for the
                  | Orb.
     0 | D:1      | Reached XP level 1. HP: 9/9 MP: 3/3
    91 | D:1      | Reached skill level 4 in Hexes
   121 | D:1      | Reached XP level 2. HP: 14/14 MP: 5/5
   566 | D:1      | Reached XP level 3. HP: 17/17 MP: 6/6
   730 | D:1      | Learned a level 3 spell: Inner Flame
   757 | D:2      | Found a sacrificial altar of Ru.
   781 | D:2      | Noticed Robin
   795 | D:2      | Killed Robin
  1174 | D:2      | Reached XP level 4. HP: 21/21 MP: 7/7
  1234 | D:2      | Found a runed translucent door.
  1235 | D:2      | Noticed Crazy Yiuf
  1392 | D:2      | Reached skill level 5 in Hexes
  1563 | D:2      | Killed Crazy Yiuf
  2119 | D:3      | Found a faded altar of an unknown god.
  2126 | D:3      | Reached XP level 5. HP: 19/25 MP: 8/8
  2300 | D:3      | Noticed Natasha
  2313 | D:3      | Killed Natasha
  2314 | D:3      | Reached skill level 1 in Stealth
  2542 | D:3      | Noticed Natasha
  2555 | D:3      | Killed Natasha
  2587 | D:3      | Noticed Natasha
  2598 | D:3      | Killed Natasha
  2722 | D:3      | Found a sacrificial altar of Ru.
  2816 | D:4      | Noticed a sky beast
  2840 | D:4      | Killed a sky beast
  2841 | D:4      | Reached XP level 6. HP: 29/29 MP: 9/9
  2919 | D:4      | Noticed Duvessa
  2919 | D:4      | Noticed Dowan
  2936 | D:4      | Killed Duvessa
  2937 | D:4      | Reached skill level 5 in Ranged Weapons
  2937 | D:4      | Reached skill level 6 in Hexes
  3015 | D:4      | Killed Dowan
  3307 | D:4      | Found a shimmering altar of Xom.
  3526 | D:4      | Reached skill level 5 in Stealth
  3526 | D:4      | Reached XP level 7. HP: 25/32 MP: 10/10
  3912 | D:4      | Gained mutation: Your skin changes colour to match your
                  | surroundings (Stealth+). [potion of mutation]
  3912 | D:4      | Gained mutation: You have large cloven feet. [potion of
                  | mutation]
  3949 | D:5      | Entered Level 5 of the Dungeon
  4096 | D:5      | Learned a level 4 spell: Cause Fear
  4317 | D:5      | Reached skill level 7 in Hexes
  4415 | D:5      | Found Odghuqany's Book Shop.
  5073 | D:4      | Found a glowing golden altar of the Shining One.
  5075 | D:4      | Noticed an angel
  5086 | D:4      | Found a basalt altar of Yredelemnul.
  5088 | D:4      | Noticed a profane servitor
  5254 | D:5      | Found a staircase to the Ecumenical Temple.
  5264 | Temple   | Entered the Ecumenical Temple
  5264 | Temple   | Found a transporter.
  5264 | Temple   | Found a transporter.
  5266 | Temple   | Found a transporter.
  5266 | Temple   | Found a transporter.
  5299 | Temple   | Became a worshipper of Hepliaklqana the Forgotten
  5456 | D:5      | Reached skill level 8 in Hexes
  5456 | D:5      | Reached XP level 8. HP: 17/37 MP: 7/11
  5745 | D:6      | Reached skill level 1 in Fire Magic
  6207 | D:6      | Killed by an exploding black bear... ignited by their inner
                  | flame

Illustrated notes

Levels and vault maps discovered:
D:1:      denvon_arrival_waterhouse, layout_loops_cross, hangedman_decor_push
D:2:      layout_rooms, basic_altar, minmay_gold_behind_fungi, st_stairs_12,
          uniq_crazy_yiuf_cottage, uniq_robin
D:3:      layout_loops_corners, lemuel_coloured_pillars_altar,
          chequers_ecumenical_altar_island, uniq_natasha
D:4:      layout_basic, grunt_temple_overflow_holy_war, tgw_xom, uniq_duvessa
D:5:      layout_loops_ring, minmay_temple_entry_poolview, serial_shops,
          kennysheep_little_box
D:6:      layout_loops_ring
Temple:   hellmonk_temple_divided_pantheon

Skill      XL: |  1  2  3  4  5  6  7  8 |
---------------+-------------------------+-----
Hexes          | 4 5 6 8 |  8.7
Ranged Weapons | 3 4 5 6 7 |  7.2
Stealth        | 3 5 |  5.0
Fire Magic     | 1 |  1.9
Fighting       | |  0.7
Dodging        | |  2.6
Spellcasting   | |  1.3

Action                     |  1- 3 |  4- 6 |  7- 9 || total
---------------------------+-------+-------+-------++-------
  Melee: Dagger            |     1 |    58 |    72 ||   131
         Kick              |       |       |    24 ||    24
   Fire: Sling             |   116 |   135 |   160 ||   411
  Throw: Dart              |       |     1 |       ||     1
   Cast: Slow              |     9 |     3 |    10 ||    22
         Inner Flame       |       |       |     8 ||     8
  Evoke: Wand              |       |     2 |       ||     2
    Use: Potion            |       |       |     7 ||     7
         Scroll            |       |       |     4 ||     4
   Stab: Sleeping          |       |     1 |     3 ||     4
 Armour: Robe              |     3 |     9 |    24 ||    36
  Dodge: Dodged            |    32 |    57 |   104 ||   193

Table legend: (Time is in decaauts)
 A = Elapsed time spent in this place.
 B = Non-inter-level travel time spent in this place.
 C = Inter-level travel time spent in this place.
 D = Time resting spent in this place.
 E = Time spent auto-exploring this place.
 F = Levels seen in this place.
 G = Mean time per level.
                   A        B        C        D        E       F      G
               +--------+--------+--------+--------+--------+-----+--------+
         Total |   4475 |   4322 |    153 |    727 |   2302 |   7 |  639.3 |
       Dungeon |   4440 |   4305 |    135 |    727 |   2299 |   6 |  740.0 |
        Temple |     35 |     17 |     18 |      0 |      3 |   1 |   35.0 |
               +--------+--------+--------+--------+--------+-----+--------+

Top non-repeatable levels by time:
     D:4: 988 daAuts
     D:5: 967 daAuts
     D:3: 809 daAuts
     D:2: 625 daAuts
     D:6: 536 daAuts
     D:1: 512 daAuts
  Temple: 35 daAuts
